 Dungeon Crawl Stone Soup version 0.22.1-1-ga44c0e5 (webtiles) character file.

263 Zebedee the Magician (level 6, -7/38 HPs)
             Began as an Octopode Transmuter on Oct 8, 2018.
             Mangled by a worm (9 damage)
             ... on level 3 of the Dungeon.
             The game lasted 00:06:12 (3586 turns).

Zebedee the Magician (Octopode Transmuter)          Turns: 3586, Time: 00:06:12

Health: -7/38      AC:  2    Str: 12    XL:     6   Next: 19%
Magic:  11/12      EV: 19    Int: 15    God:
Gold:   183        SH:  0    Dex: 17    Spells: 3/13 levels left

rFire    . . .     SeeInvis .     - Unarmed
rCold    . . .     Gourm    .   (shield currently unavailable)
rNeg     . . .     Faith    .   (helmet currently unavailable)
rPois    x         Spirit   .   (no amulet)
rElec    .         Reflect  .   (no ring)
rCorr    .         Harm     .   (no ring)
MR       .....                  (no ring)
Stlth    ++........             (no ring)
HPRegen  0.12/turn              (no ring)
MPRegen  0.13/turn              (no ring)
                                (no ring)
                                (no ring)

@: spider-form
A: tiny, almost no armour, stealthy swim, (amphibious), 8 rings, (constrict 8)
a: End Transformation


You were on level 3 of the Dungeon.
You were hungry.
You were a venomous arachnid creature.
You visited 1 branch of the dungeon, and saw 3 of its levels.

You collected 183 gold pieces.

Inventory:

Missiles
 a - 34 arrows
 i - 151 stones (quivered)
Armour
 m - a +0 buckler
Jewellery
 e - an uncursed ring of fire {unknown}
 k - an uncursed ring of poison resistance {unknown}
Wands
 r - a wand of flame (29)
Scrolls
 b - a scroll of immolation {unknown}
 d - a scroll of enchant weapon {unknown}
 f - a scroll of remove curse {unknown}
 g - a scroll of teleportation {unknown}
 h - 2 scrolls of identify {unknown}
 o - a scroll of blinking {unknown}
 q - a scroll of random uselessness {unknown}
 t - a scroll of fear {unknown}
Potions
 j - 5 potions of lignification {unknown}
 l - a potion of curing {unknown}
 p - a potion of flight {unknown}
 s - a potion of brilliance {unknown}
Comestibles
 c - 7 rations
 n - 6 chunks of flesh


   Skills:
 - Level 1.0 Fighting
 - Level 2.0 Dodging
 - Level 3.0 Unarmed Combat
 + Level 4.2 Spellcasting
 + Level 3.9 Transmutations
 * Level 2.7 Poison Magic


You had 3 spell levels left.
You knew the following spells:

 Your Spells              Type           Power        Failure   Level  Hunger
a - Beastly Appendage     Tmut           ###...       12%         1    None
b - Sticks to Snakes      Tmut           ###.....     16%         2    ##.....
c - Spider Form           Tmut/Pois      ##........   30%         3    ###....
d - Ice Form              Ice/Tmut       #.......     80%         4    ####...

Your spell library contained the following spells:

 Spells                   Type           Power        Failure   Level  Hunger
 Blade Hands              Tmut           ###.......   85%         5    ######.


Dungeon Overview and Level Annotations

Branches:
Dungeon (3/15)

Altars:


Innate Abilities, Weirdness & Mutations

You cannot wear most types of armour.
You are very stealthy in the water. (Stealth+)
((You are amphibious.))
You can wear up to eight rings at the same time.
((You can use your tentacles to constrict eight enemies at once.))
((Your skin changes colour to match your surroundings (Stealth+).))
((Your rubbery body absorbs attacks. (AC +1, EV +1)))


Message History

You hit the goblin.
The goblin is poisoned.
The goblin is moderately wounded.
You kill the goblin!
The goblin closely misses you. The goblin misses you.
The goblin barely misses you.
You hit the goblin but do no damage.
The goblin hits you with an enchanted dagger.
The goblin misses you. The goblin hits you with a dagger.
* * * LOW HITPOINT WARNING * * *
The goblin closely misses you.
You bite the goblin!
You kill the goblin!
The goblin misses you. The goblin completely misses you. The goblin misses you.
You bite the goblin!
You kill the goblin!
The goblin hits you with an enchanted dagger!
* * * LOW HITPOINT WARNING * * *
The goblin closely misses you. The goblin misses you. The worm bites you!
You die...

.... #..# .... #... .....
#..#g..g... ..... #..
..g.... .. ......#.<
.#..... ...
#.....#.##....... ....
......w.......... ##.#. #s#
....... ....
.#########g##....... #...
..........gg(.......#+##...
#####......#..............
#.......+..##..........
##.......#.###..........
#.....####.###..........
#...### ..........#...
#...# ####.#.#..#...


You could see a worm and 3 goblins.

Vanquished Creatures
  An orc priest (D:3)
  An orc wizard (D:3)
  Terence (D:3)
  Natasha (thrice) (D:3)
  Robin (D:3)
  An adder (D:3)
  A dart slug (D:1)
  4 leopard geckos
  7 orcs (D:3)
  9 bats
  A giant cockroach (D:2)
  16 goblins
  11 hobgoblins
  2 quokkas (D:3)
  3 frilled lizards
  5 kobolds
  7 rats
74 creatures vanquished.

Notes
Turn   | Place    | Note
-------+----------+-------------------------------------------
     0 | D:1      | Zebedee the Octopode Transmuter began the quest for the
                  | Orb.
     0 | D:1      | Reached XP level 1. HP: 13/13 MP: 3/3
   136 | D:1      | Reached XP level 2. HP: 13/18 MP: 3/5
   222 | D:1      | Learned a level 2 spell: Sticks to Snakes
  1329 | D:1      | Reached XP level 3. HP: 19/23 MP: 5/7
  1450 | D:1      | Learned a level 3 spell: Spider Form
  1826 | D:2      | Reached skill level 3 in Spellcasting
  2439 | D:2      | Reached skill level 1 in Poison Magic
  2636 | D:3      | Reached XP level 4. HP: 28/28 MP: 6/8
  2675 | D:3      | Noticed Natasha
  2687 | D:3      | Killed Natasha
  2770 | D:3      | Noticed Natasha
  2778 | D:3      | Killed Natasha
  2927 | D:3      | Reached XP level 5. HP: 33/33 MP: 8/10
  2933 | D:3      | Learned a level 4 spell: Ice Form
  3097 | D:3      | Noticed Terence
  3115 | D:3      | Killed Terence
  3317 | D:3      | Noticed Natasha
  3325 | D:3      | Killed Natasha
  3412 | D:3      | Reached skill level 4 in Spellcasting
  3417 | D:3      | Reached XP level 6. HP: 38/38 MP: 8/12
  3573 | D:3      | Noticed Robin
  3579 | D:3      | Killed Robin
  3586 | D:3      | Mangled by a worm

Skill      XL: |  1  2  3  4  5 |
---------------+----------------+-----
Spellcasting   | 3 4 |  4.2
Poison Magic   | 1 2 |  2.7
Transmutations | 3 |  3.9
Fighting       | |  1.0
Dodging        | |  2.0
Unarmed Combat | |  3.0

Action                   |  1- 3 |  4- 6 || total
-------------------------+-------+-------++-------
Melee: Unarmed           |    92 |    78 ||   170
       Constrict         |    29 |     9 ||    38
       Kick              |    17 |     4 ||    21
       Tentacles         |    11 |     4 ||    15
       Punch             |     3 |       ||     3
 Cast: Beastly Appendage |    22 |     5 ||    27
       Spider Form       |       |     7 ||     7
 Stab: Sleeping          |     4 |       ||     4
  Eat: Chunk             |     5 |     4 ||     9
Armor: Skin              |     9 |     2 ||    11
Dodge: Dodged            |    38 |    62 ||   100
